 Dungeon Crawl Stone Soup version 0.18.1-50-g88ac8fd (webtiles) character file.

25 ololoev the Chopper (level 2, -3/36 HPs)
             Began as a Demonspawn Berserker on Oct 28, 2016.
             Was a Follower of Trog.
             Slain by Sigmund
             ... wielding a +0 scythe
              (10 damage)
             ... on level 2 of the Dungeon.
             The game lasted 00:02:00 (330 turns).

ololoev the Chopper (Demonspawn Berserker)           Turns: 330, Time: 00:02:00

Health: -3/36      AC:  8    Str: 22    XL:     2   Next: 82%
Magic:  2/2        EV: 10    Int:  8    God:    Trog [*.....]
Gold:   5          SH:  0    Dex: 12    Spells: 0 memorised, 1 level left

rFire  x . .     SeeInvis .     a - +0 hand axe
rCold  + . .     Gourm    .     i - +0 chain mail
rNeg   . . .     Faith    .     (no shield)
rPois  .         Spirit   .     (no helmet)
rElec  .         Dismiss  .     (no cloak)
rCorr  .         Reflect  .     (no gloves)
SustAt .         Harm     .     (no boots)
MR     .....                    (no amulet)
Stlth  ..........               (no ring)
                                g - ring of ice

@: berserking, very quick, not resistant to hostile enchantments, extremely
unstealthy
A: repulsion field 1
a: Berserk, Burn Spellbooks, Renounce Religion


Innate Abilities, Weirdness & Mutations

You are surrounded by a mild repulsion field (EV +2).

Inventory:

Hand Weapons
 a - a +0 hand axe (weapon)
Armour
 i - a +0 chain mail (worn)
Jewellery
 g - a ring of ice (left hand)
Scrolls
 d - 3 scrolls of remove curse {unknown}
 f - a scroll of teleportation {unknown}
Potions
 e - 3 potions of curing {unknown}
 h - a potion of resistance {unknown}
Comestibles
 b - 2 chunks of flesh
 c - 2 bread rations
 j - a fruit


   Skills:
 + Level 3.3 Fighting
 * Level 3.3 Axes
 + Level 2.0 Armour
 - Level 1.7 Dodging


You had one spell level left.
You didn't know any spells.


You were on level 2 of the Dungeon.
You worshipped Trog.
Trog was aware of your devotion.
You were not hungry.

You visited 1 branch of the dungeon, and saw 3 of its levels.

You collected 5 gold pieces.

###... ....# ###.####
#...# #..# # ... ..# #...#
#... #.##.##.### #...#
#... .........# #...#
####...
#.....#.####...###......
#.....#.............#...
#.#..#...@@..............#
#.......#.............##.#
###..####.##.#.)..##.###.#
#..@....##.#....##......
###.######.#....######## #
#.#....# #......###
##.......# #.......#

Notes
Turn   | Place    | Note
--------------------------------------------------------------
     0 | D:1      | ololoev the Demonspawn Berserker began the quest for the Orb.
     0 | D:1      | Reached XP level 1. HP: 18/18 MP: 1/1
    91 | D:1      | You fall through a shaft!
   138 | D:2      | Gained mutation: You are surrounded by a mild repulsion field (EV +2). [demonic ancestry]
   138 | D:2      | Reached XP level 2. HP: 8/24 MP: 2/2
   167 | D:3      | Noticed ololoev's ghost (weakling DsBe)
   186 | D:2      | Found a stormy altar of Qazlal.
   317 | D:2      | Noticed Sigmund
   330 | D:2      | Slain by Sigmund

Dungeon Overview and Level Annotations

Branches:
Dungeon (3/15)

Altars:
Qazlal

Annotations:
D:2 Sigmund
D:3 ololoev's ghost, weakling DsBe


Message History

The rat barely misses you.
You barely miss the rat. The rat bites you.
The ball python bites you but does no damage.
The ball python grabs you. The ball python constricts you.
You hit the rat.
You kill the rat!
Trog accepts your kill.
You hit the ball python.
The ball python is severely wounded.
The ball python bites you but does no damage.
The ball python constricts you.
You closely miss the ball python.
The ball python is severely wounded.
The ball python bites you but does no damage.
The ball python constricts you.
The ball python bites you but does no damage.
The ball python constricts you.
You barely miss the ball python.
The ball python is moderately wounded.
The ball python bites you but does no damage.
The ball python constricts you.
You closely miss the ball python.
The ball python is moderately wounded.
The ball python barely misses you. The ball python constricts you.
Your chain mail prevents you from hitting the ball python.
The ball python is moderately wounded.
The ball python closely misses you. The ball python constricts you.
The ball python barely misses you. The ball python constricts you.
You barely miss the ball python.
The ball python is moderately wounded.
The ball python bites you but does no damage.
The ball python constricts you.
You hit the ball python but do no damage.
The ball python is moderately wounded.
The ball python bites you but does no damage.
The ball python constricts you.
The ball python bites you but does no damage.
The ball python constricts you.
You hit the ball python.
You kill the ball python!
Trog accepts your kill.
A dart slug comes into view.
You hit the dart slug.
The dart slug is heavily wounded.
The dart slug closely misses you.
You hit the dart slug.
The dart slug is almost dead.
The dart slug completely misses you.
You hit the dart slug.
You kill the dart slug!
Trog accepts your kill.
You see here a dart slug corpse.
A goblin comes into view. It is wielding a club.
You are too injured to fight recklessly!
The goblin shouts!
You hit the goblin.
The goblin is moderately wounded.
The goblin barely misses you.
You closely miss the goblin.
The goblin is moderately wounded.
The goblin hits you but does no damage.
You hit the goblin.
You kill the goblin!
Trog accepts your kill.
Things that are here:
a club; a goblin corpse
j - a fruit Sigmund the Dreaded comes into view.
He is wielding a scythe.
Sigmund shouts!
Sigmund barely misses you.
Use which ability? (? or * to list)
A red film seems to cover your vision as you go berserk!
You feel yourself moving faster!
You feel mighty!
You feel somewhat more hungry. Sigmund hits you with a scythe!
You slash Sigmund!
Sigmund is moderately wounded.
You slash Sigmund!
Sigmund is severely wounded.
Sigmund hits you with a scythe!
You die...

You could see Sigmund.

Vanquished Creatures
  An ooze (D:2)
  2 dart slugs
  A bat (D:2)
  A giant cockroach (D:2)
  2 goblins
  2 hobgoblins (D:2)
  A quokka (D:2)
  A ball python (D:2)
  A giant newt (D:2)
  2 kobolds
  2 rats (D:2)
16 creatures vanquished.

Action                   || total
-------------------------++-------
Melee: Hand axe          ||    61
Invok: Berserk           ||     1
Armor: Animal skin       ||     3
       Chain mail        ||    15
Dodge: Dodged            ||    40

Vault maps used:
D:1:      denvon_arrival_planthouse, minmay_fountain_box
D:2:      fiery_altar_vehumet, lemuel_crystal_altar, fedhas_altar_2,
          uniq_sigmund
D:3:      kiku_gazebo_garden_becter, first_bread, kennysheep_doodads,
          minmay_misc_feat_square, kennysheep_pointless_box, uniq_robin
